 Dungeon Crawl Stone Soup version 0.17-a0-1946-gfb768fe (webtiles) character file.

55 esc the Insei (level 3, -7/24 HPs)
             Began as an Octopode Transmuter on Oct 1, 2015.
             Mangled by a gnoll
             ... wielding a +0 spear
              (8 damage)
             ... on level 2 of the Dungeon.
             The game lasted 00:03:24 (1573 turns).

esc the Insei (Octopode Transmuter)                 Turns: 1573, Time: 00:03:24

Health: -7/24      AC:  1    Str:  9    XL:     3   Next: 93%
Magic:  6/6        EV: 13    Int: 16    God:
Gold:   132        SH:  0    Dex: 12    Spells: 1 memorised, 6 levels left

rFire  . . .     SeeInvis .       - Unarmed
rCold  . . .     Clarity  .     (no shield)
rNeg   . . .     SustAt   .     (helmet restricted)
rPois  .         Gourm    .     (no amulet)
rElec  .         Spirit   .     (no ring)
rCorr  .         Warding  .     (no ring)
rMut   .         Stasis   .     (no ring)
MR     .....                    (no ring)
Stlth  ++........               (no ring)
                                (no ring)
                                (no ring)
                                (no ring)

@: not resistant to hostile enchantments, unstealthy
A: almost no armour, amphibious, 8 rings, constrict 8, camouflage 1, gelatinous
body 1
a: no special abilities


You were on level 2 of the Dungeon.
You were not hungry.

You visited 1 branch of the dungeon, and saw 2 of its levels.

You collected 132 gold pieces.

Inventory:

Missiles
 a - 92 arrows
 e - 33 poisoned needles
 k - 10 tomahawks (quivered)
Potions
 i - a potion of curing {unknown}
 j - a potion of poison {unknown}
 m - a potion of agility {unknown}
Books
 b - a book of Changes
Comestibles
 c - a bread ration {@e1}
 d - a meat ration {@e2}
 f - 2 fruits
 g - a chunk of flesh {@w0}
 h - a beef jerky


   Skills:
 + Level 2.0 Fighting
 + Level 2.8 Dodging
 + Level 3.1 Unarmed Combat
 + Level 2.5 Spellcasting
 + Level 2.2 Transmutations


You had 6 spell levels left.
You knew the following spells:

 Your Spells              Type           Power        Failure   Level  Hunger
a - Beastly Appendage     Trmt           #.....       10%         1    #......


Dungeon Overview and Level Annotations

Branches:
Dungeon (2/15)

Altars:


Innate Abilities, Weirdness & Mutations

You cannot wear most types of armour.
You are amphibious.
You can wear up to eight rings at the same time.
You can use your tentacles to constrict eight enemies at once.
Your skin changes colour to match your surroundings (Stealth).
Your rubbery body absorbs attacks (AC +1).


Message History

You kill the giant gecko!
You see here a giant gecko corpse.
You butcher the giant gecko corpse.
You see here 2 chunks of flesh {@w0}.
You barely miss the quokka. You grab the quokka. You squeeze the quokka.
You constrict the quokka.
You kill the quokka!
g - 5 chunks of flesh {@w0} (gained 2)
You start resting.
Some of the chunks of flesh in your inventory have rotted away. x2
Eating one of 2 chunks of flesh {@w0}.
You continue eating. x2
Health restored: 24
There is an open door here.
You open the door.
There is an open door here.
You open the door.
There is an open door here.
A goblin comes into view. It is wielding a dagger.
The goblin misses you.
The gnoll shouts!
You tentacle-slap the goblin.
You kill the goblin!
The gnoll throws a throwing net.
The throwing net barely misses you.
The gnoll throws a throwing net.
The throwing net hits you.
You become entangled in the net!
You see here a throwing net {=f, !d}.
You are held in a net!
You are held in a net!
You try to slip out of the net.
Read which item? (? for menu, Esc to quit)
As you read the scroll of teleportation, it crumbles to dust.
You feel strangely unstable.
The gnoll hits you from afar with a halberd.
You take 2 damage, and have 22/24 hp.
You try to slip out of the net.
The giant gecko bites you. The giant gecko completely misses you.
You take 1 damage, and have 21/24 hp.
You struggle against the net.
The gnoll barely misses you. The giant gecko bites you.
You take 1 damage, and have 20/24 hp.
You slip out of the net!
Your surroundings suddenly seem different.
A giant newt comes into view.
The giant newt barely misses you.
There is an open door here.
You closely miss the giant newt. Your grab misses the giant newt.
Your squeeze misses the giant newt. The giant newt misses you.
You barely miss the giant newt. You grab the giant newt.
You constrict the giant newt.
You kill the giant newt!
You see here a giant newt corpse.
You butcher the giant newt corpse.
g - 2 chunks of flesh {@w0} (gained 1)
There is an open door here.
You see here 2 tomahawks.
k - 2 tomahawks You start resting.
Some of the chunks of flesh in your inventory have rotted away.
Health restored: 24 You see here 9 stones.
k - 10 tomahawks (gained 8)
Things that are here:
a dagger; a short sword A gnoll comes into view.
It is wielding a spear.
You tentacle-slap the gnoll but do no damage.
You grab the gnoll.
You constrict the gnoll, but do no damage.
The gnoll misses you.
You tentacle-slap the gnoll but do no damage.
You constrict the gnoll, but do no damage.
The gnoll barely misses you.
You tentacle-slap the gnoll but do no damage.
You tentacle-slap the gnoll, but do no damage.
You constrict the gnoll, but do no damage.
The gnoll hits you with a spear!
You take 10 damage, and have 14/24 hp.
MASSIVE DAMAGE!!
You tentacle-slap the gnoll but do no damage.
You constrict the gnoll, but do no damage.
The gnoll closely misses you.
You tentacle-slap the gnoll but do no damage.
You constrict the gnoll, but do no damage.
The gnoll barely misses you.
You tentacle-slap the gnoll but do no damage.
You squeeze the gnoll, but do no damage.
You constrict the gnoll, but do no damage.
The gnoll hits you with a spear.
You take 3 damage, and have 11/24 hp.
You tentacle-slap the gnoll but do no damage.
You squeeze the gnoll, but do no damage.
You constrict the gnoll, but do no damage.
The gnoll hits you with a spear!
* * * LOW HITPOINT WARNING * * *
You take 10 damage, and have 1/24 hp.
MASSIVE DAMAGE!!
You tentacle-slap the gnoll but do no damage.
You constrict the gnoll, but do no damage.
The gnoll hits you with a spear!
You die...

#####..##### #....... #####..#
#....... #......# #.......
#......# ######.# #......# #..
+......# ### #......##### #.
#.##.......# #######'
#.##...@...# #.......
#.##...g...# #....... ## #
#..'.......# #.......
.####.####.......######.......
...................)...........
###.####.####.......######.......
.......# #.......# #.....(.
)......#.####.)(....# #.......
..#.#..#.......###### #.......


You could see a gnoll.

Vanquished Creatures
  An adder (D:2)
  A worm (D:2)
  A giant gecko (D:2)
  8 bats
  2 hobgoblins (D:1)
  7 jackals
  5 kobolds
  A quokka (D:2)
  3 giant newts
  6 goblins
  4 rats
39 creatures vanquished.

Notes
Turn   | Place    | Note
--------------------------------------------------------------
     0 | D:1      | esc the Octopode Transmuter began the quest for the Orb.
     0 | D:1      | Reached XP level 1. HP: 13/13 MP: 3/3
    85 | D:1      | Reached XP level 2. HP: 16/18 MP: 5/5
   639 | D:1      | Reached XP level 3. HP: 22/24 MP: 6/6
   753 | D:2      | Reached skill level 2 in Fighting
  1175 | D:2      | HP: 6/24 [gnoll/whip (10)]
  1572 | D:2      | HP: 1/24 [gnoll/spear (10)]
  1573 | D:2      | Mangled by a gnoll

Vault maps used:
D:1:      dpeg_arrival_pits
D:2:      yredelemnul_forgotten_temple_becter, serial_bayou_pond_b,
          uniq_crazy_yiuf_cottage

Action                   || total
-------------------------++-------
Melee: Unarmed           ||   102
 Cast: Beastly Appendage ||     1
  Use: Scroll            ||     7
 Stab: Sleeping          ||     5
  Eat: Chunk             ||     2

Vault maps used:
D:1:      dpeg_arrival_pits
D:2:      yredelemnul_forgotten_temple_becter, serial_bayou_pond_b,
          uniq_crazy_yiuf_cottage

Table legend:
 A = Turns spent in this place as a percentage of turns spent in the entire game.
 B = Non-inter-level travel turns spent in this place as a percentage of non-inter-level travel turns spent in the entire game.
 C = Inter-level travel turns spent in this place as a percentage of turns spent in this place.
 D = Turns resting spent in this place as a percentage of non-inter-level travel turns spent in this place.
 E = Turns spent auto-exploring this place as a percentage of non-inter-level travel turns spent in this place.
 F = Non-inter-level travel turns spent in this place divided by the number of levels of this place that you've seen.
                   A       B       C       D       E      F
               +-------+-------+-------+-------+-------+----------------------
         Total | 100.0 | 100.0 |   0.2 |   2.6 |   6.0 | 273.0
       Dungeon | 100.0 | 100.0 |   0.2 |   2.6 |   6.0 | 273.0
               +-------+-------+-------+-------+-------+----------------------

Table legend:
 A = Kills in this place as a percentage of kills in entire the game.
 B = Kills by you in this place as a percentage of kills by you in the entire game.
 C = Kills by friends in this place as a percentage of kills by friends in the entire game.
 D = Other kills in this place as a percentage of other kills in the entire game.
 E = Experience gained in this place as a percentage of experience gained in the entire game.
 F = Experience gained in this place divided by the number of levels of this place that you have seen.
                   A       B       C       D       E      F
               +-------+-------+-------+-------+-------+----------------------
         Total | 100.0 | 100.0 |  -nan |  -nan | 100.0 |  39.5
       Dungeon | 100.0 | 100.0 |  -nan |  -nan | 100.0 |  39.5
               +-------+-------+-------+-------+-------+----------------------
